[Event "*** SCC Grand Prix: Titled Tuesday Blitz"]
[Site "Chess.com"]
[Date "2020.09.29"]
[Round "5"]
[White "Andreikka"]
[Black "tdf98pantani"]
[Result "1-0"]
[WhiteElo "2849"]
[BlackElo "2623"]
[TimeControl "180+1"]
[EndTime "10:55:21 PDT"]
[Termination "Andreikka won on time"]

1. c4 c6 2. Nf3 d5 3. d4 Nf6 4. e3 Bf5 5. Nc3 e6 6. Nh4 Be4 7. Qb3 Qc7 8. f3 Bg6 9. Bd2 Be7 10. Nxg6 hxg6 11. O-O-O a6 12. c5 Nbd7 13. Na4 e5 14.
Kb1 O-O 15. g4 Rfe8 16. Be1 Nf8 17. Bg3 N6d7 18. h4 Ne6 19. g5 Qc8 20. Qc2 exd4 21. exd4 Bd8 22. Bh3 Bc7 23. Bf2 Nf4 24. Bg4 Re2 25.
Rd2 Rxd2 26. Qxd2 Qd8 27. Be3 Nh5 28. Re1 Nf8 29. a3 f5 30. gxf6 Qxf6 31. Bg5 Bf4 32. Qb4 Bxg5 33. hxg5 Qf4 34. Qxb7 Rb8 35. Qxc6 Qxd4 36.
Re8 Qd3+ 37. Kc1 Rxe8 38. Qxe8 Nf4 39. Nc3 d4 40. Qe4 dxc3 41. Qxf4 cxb2+ 42. Kxb2 Qe2+ 43. Kc3 Qe1+ 44. Qd2 1-0

[Event "*** SCC Grand Prix: Titled Tuesday Blitz"]
[Site "Chess.com"]
[Date "2020.09.29"]
[Round "5"]
[White "GmSergioBarrientos"]
[Black "MrChampion_Coach"]
[Result "1-0"]
[WhiteElo "2694"]
[BlackElo "2370"]
[TimeControl "180+1"]
[EndTime "10:55:22 PDT"]
[Termination "GmSergioBarrientos won on time"]

1. d4 Nf6 2. Nf3 g6 3. g3 Bg7 4. Bg2 O-O 5. O-O d6 6. a4 Na6 7. a5 c5 8. Nc3 Bd7 9. e4 cxd4 10.
Nxd4 Rc8 11. Re1 Nc5 12. h3 a6 13. Be3 Qc7 14. Qd2 Ne6 15. Nb3 Bc6 16. Bb6 Qd7 17.
Rad1 Qe8 18. Kh2 Nd7 19. Be3 Ne5 20. Qe2 Bd7 21. f4 Nc4 22. Bc1 Nxb2 23. Bxb2 Bxc3 24. Bxc3 Rxc3 25. f5 Ng7 26. Qd2 Qc8 27. Qg5 f6 28.
Qd2 Rxc2 29. Qd5+ Kh8 30. g4 Bc6 31. Qd3 Bb5 32. Qg3 Rc3 33. Re3 Rc2 34. Nd4 Rc5 35. Qh4 g5 36. Qg3 Bd7 37. h4 gxh4 38. Qxh4 Rf7 39.
Rh3 Ne8 40. Nf3 Rg7 41. g5 fxg5 42. Nxg5 Nf6 43. Rdd3 Qg8 44. Rdg3 Rc2 45. Nf3 Rxg3 46. Rxg3 Qf7 47. e5 dxe5 48. Nxe5 Qf8 49. Ng6+ 1-0

[Event "*** SCC Grand Prix: Titled Tuesday Blitz"]
[Site "Chess.com"]
[Date "2020.09.29"]
[Round "5"]
[White "antoszu"]
[Black "AnkitGajwa"]
[Result "1-0"]
[WhiteElo "2605"]
[BlackElo "2425"]
[TimeControl "180+1"]
[EndTime "10:55:22 PDT"]
[Termination "antoszu won on time"]

1. d4 Nf6 2. c4 e6 3. Nf3 d5 4. Nc3 Be7 5. Bg5 O-O 6. e3 b6 7. Be2 Bb7 8. Bxf6 Bxf6 9. cxd5 exd5 10. O-O Nd7 11. Rc1 Re8 12. b4 c6 13. a4 Nf8 14.
Qb3 Ne6 15. Rfd1 a5 16. b5 c5 17. dxc5 Nxc5 18. Qa2 Bxc3 19. Rxc3 Qf6 20. Rc2 Rac8 21. Rdc1 g6 22. Nd4 Ne4 23. Bf3 Rxc2 24. Rxc2 Ng5 25. h3 Nxf3+ 26. Nxf3 d4 27. Nxd4 Re4 28. Rc7 Re7 29.
Rxe7 Qxe7 30. Qc4 Be4 31. Ne2 Qb4 32. Qc8+ Kg7 33. Qc3+ Kh6 34. Kh2 Qxa4 35. Qf6 Bf5 36. Ng3 Qxb5 37. Qxf7 Bd3 38. Qf8+ Kg5 39. h4+ 1-0

[Event "*** SCC Grand Prix: Titled Tuesday Blitz"]
[Site "Chess.com"]
[Date "2020.09.29"]
[Round "5"]
[White "Alindsay211"]
[Black "TheMagnet"]
[Result "1/2-1/2"]
[WhiteElo "2400"]
[BlackElo "2582"]
[TimeControl "180+1"]
[EndTime "10:55:22 PDT"]
[Termination "Game drawn by agreement"]

1. e4 c5 2. Nf3 g6 3. d4 cxd4 4. Nxd4 Bg7 5. c4 Nc6 6. Be3 Nf6 7. Nc3 d6 8. f3 O-O 9. Qd2 Bd7 10. Be2 Nxd4 11. Bxd4 a5 12. O-O Bc6 13. Rac1 a4 14. Rfd1 Nd7 15. Be3 Nc5 16. Nd5 Bxd5 17. cxd5 Qb6 18.
Rc2 Rfc8 19. Rdc1 h5 20. h3 Be5 21. g4 hxg4 22. hxg4 Bg7 23. Kg2 Qa5 24. Qxa5 Rxa5 25. f4 b6 26. Kf3 Rb8 27. g5 b5 28. Bxc5 dxc5 29. Rxc5 Bxb2 30. Rc8+ Rxc8 31. Rxc8+ Kg7 32. Rb8 Ra7 33. Rxb5 a3 34. Rc5 Rb7 35. Ke3 Rb4 36. Rc4 Rb7 37. Rc6 Rb4 38. Rc4 Rb7 39. Rc6 Rb4 40. e5 Rd4 41. d6 exd6 42. Rxd6 Rb4 43. Rd7 Bc1+ 44. Kd3 Rxf4 45. e6 Kf8 46. exf7 Rxf7 47. Rxf7+ Kxf7 48. Ke4 Bxg5 49. Bc4+ Kf6 50. Kf3 Bc1 51. Kg4 Ke5 52. Bg8 g5 53. Bb3 Bf4 54.
Bg8 Kd4 55. Be6 Kc3 56. Bg8 Kb2 57. Bf7 Kc1 58. Bg8 Kd2 1/2-1/2

[Event "*** SCC Grand Prix: Titled Tuesday Blitz"]
[Site "Chess.com"]
[Date "2020.09.29"]
[Round "5"]
[White "Playgood28"]
[Black "MikeSailer"]
[Result "1-0"]
[WhiteElo "2322"]
[BlackElo "2075"]
[TimeControl "180+1"]
[EndTime "10:55:23 PDT"]
[Termination "Playgood28 won on time"]

1. d4 d5 2. c4 Bf5 3. Nc3 e6 4. cxd5 exd5 5. Qb3 Nc6 6. Nf3 Bb4 7. Bd2 Nf6 8. e3 O-O 9. Bb5 Bxc3 10. Bxc3 a6 11. Be2 Rb8 12. Rc1 Ne4 13. O-O Nxc3 14. Rxc3 Ne7 15. Qd1 Ng6 16. b4 Be4 17. a4 Bxf3 18.
Bxf3 Nh4 19. Rc5 c6 20. g3 Nxf3+ 21. Qxf3 Re8 22. Rfc1 Re6 23. b5 Rf6 24. Qg4 axb5 25. axb5 Rc8 26. Rxd5 Qe8 27. bxc6 bxc6 28. Rdc5 h5 29.
Qxh5 Rh6 30. Qf3 Rf6 31. Qg2 Qd7 32. d5 Rc7 33. Rxc6 Rcxc6 34. dxc6 Qc7 35. h4 g6 36. Qd5 Rd6 37. Qe4 Kg7 38. Qe5+ 1-0

[Event "*** SCC Grand Prix: Titled Tuesday Blitz"]
[Site "Chess.com"]
[Date "2020.09.29"]
[Round "5"]
[White "JonahWillow"]
[Black "Xtrmntr78"]
[Result "0-1"]
[WhiteElo "2739"]
[BlackElo "2588"]
[TimeControl "180+1"]
[EndTime "10:55:24 PDT"]
[Termination "Xtrmntr78 won by checkmate"]

1. e4 e5 2. Nf3 d5 3. exd5 Bd6 4. Nc3 f5 5. d3 Nf6 6. g3 O-O 7. Bg2 a6 8. O-O b5 9. Re1 Nbd7 10. Ng5 Nb6 11. Ne6 Bxe6 12. dxe6 Rb8 13. d4 e4 14. f3 b4 15. Ne2 Qe8 16. fxe4 fxe4 17. Nf4 g5 18. Nh3 h6 19. Nf2 Qxe6 20. Nxe4 Nxe4 21. Bxe4 Qf6 22. Be3 Rbe8 23. Qd3 Na4 24. Rf1 Qe7 25. Rxf8+ Kxf8 26. Rf1+ Kg7 27. Qb3 Nxb2 28. Bc1 Na4 29. Bd3 Nc3 30. Bc4 Rf8 31. Rxf8 Qxf8 32. Bd2 Qf3 33.
Bxc3 bxc3 34. Bd5 Qe3+ 35. Kg2 Qd2+ 36. Kf1 Qxd4 37. Bf3 Bc5 38. Ke2 Qe3+ 39. Kd1 Qd2# 0-1

[Event "*** SCC Grand Prix: Titled Tuesday Blitz"]
[Site "Chess.com"]
[Date "2020.09.29"]
[Round "5"]
[White "floplover"]
[Black "DariaVoit"]
[Result "0-1"]
[WhiteElo "2313"]
[BlackElo "2473"]
[TimeControl "180+1"]
[EndTime "10:55:24 PDT"]
[Termination "DariaVoit won on time"]

1. d4 f5 2. c4 Nf6 3. Nc3 e6 4. e3 b6 5. Bd3 Bb7 6. f3 Be7 7. Nge2 O-O 8. O-O d6 9. Bd2 Qe8 10. b4 Nbd7 11. Qb3 Kh8 12. Nf4 Qf7 13. c5 d5 14. Nb5 Rfc8 15. Rac1 bxc5 16. dxc5 c6 17. Nd6 Bxd6 18. cxd6 e5 19. Nh3 e4 20. fxe4 fxe4 21. Be2 Rf8 22. Bg4 Ne5 23. Bf5 Nc4 24. Bc3 Nxe3 25. Ng5 Qh5 26. Bxf6 Nxf1 27. Bxg7+ Kxg7 28. Qc3+ Kh6 29. Rxf1 Qxg5 30. Qh3+ Qh5 31. Qe3+ Kg7 32.
Qd4+ Rf6 33. d7 Ba6 34. Rf4 Qg5 35. Rg4 Kh6 36. Rxg5 Kxg5 37. g4 h5 0-1

[Event "*** SCC Grand Prix: Titled Tuesday Blitz"]
[Site "Chess.com"]
[Date "2020.09.29"]
[Round "5"]
[White "CaspiIsrael"]
[Black "freshfoodcompany"]
[Result "1-0"]
[WhiteElo "2592"]
[BlackElo "2392"]
[TimeControl "180+1"]
[EndTime "10:55:25 PDT"]
[Termination "CaspiIsrael won on time"]

1. e4 c6 2. Nf3 d5 3. d3 dxe4 4. dxe4 Qxd1+ 5. Kxd1 Bg4 6. Nd2 e5 7. h3 Bxf3+ 8. Nxf3 Nd7 9. Bc4 Be7 10. a4 Ngf6 11. Re1 O-O-O 12. Nd2 Nc5 13. f3 Rhf8 14. b4 Ncd7 15. c3 Nb6 16. Bb3 Nh5 17. a5 Nd7 18. Ke2 Nf4+ 19. Kf1 Nd3 20. Re2 Nxc1 21. Rxc1 Bg5 22. Rd1 Nb8 23. Nc4 Rxd1+ 24. Bxd1 Rd8 25.
Bb3 Nd7 26. Nd6+ Kc7 27. Nxf7 Bf6 28. Nxd8 Bxd8 29. Rd2 c5 30. b5 b6 31. a6 Bg5 32.
Rd1 Nf6 33. Be6 Bh4 34. Ke2 Bg3 35. Rh1 Bh4 36. f4 Nh5 37. Kf3 Nxf4 38. Bg8 Bf6 39.
Rd1 h6 40. g3 Ng6 41. Be6 Nf8 42. Bf7 Nd7 43. h4 Nf8 44. Kg4 g6 45. h5 gxh5+ 46. Kxh5 Bg5 47. Kg4 Nd7 48. Kf5 Nf8 49. Kxe5 Nd7+ 50.
Kf5 Nf8 51. e5 Nd7 52. e6 Nf8 53. c4 Kc8 54. g4 Kc7 55. Be8 Be7 56. Bc6 Kc8 57.
Bd5 Kc7 58. Ke4 Kc8 59. Rf1 Ng6 60. Rf7 Kc7 61. Kf5 Nh4+ 62. Ke4 Kd6 63. Rh7 1-0

[Event "*** SCC Grand Prix: Titled Tuesday Blitz"]
[Site "Chess.com"]
[Date "2020.09.29"]
[Round "5"]
[White "Susal_De_Silva"]
[Black "profofchess"]
[Result "1-0"]
[WhiteElo "2529"]
[BlackElo "2370"]
[TimeControl "180+1"]
[EndTime "10:55:25 PDT"]
[Termination "Susal_De_Silva won by resignation"]

1. e4 e6 2. d4 d5 3. Nc3 Bb4 4. e5 c5 5. a3 Bxc3+ 6. bxc3 Ne7 7. Qg4 cxd4 8. Qxg7 Rg8 9. Qxh7 Nbc6 10. Nf3 Qc7 11. Qd3 dxc3 12. Bf4 Rg4 13. Bg3 Re4+ 14. Be2 Nf5 15. O-O Nxg3 16. hxg3 Nxe5 17. Nxe5 Qxe5 18. Bf3 Rc4 19. Rfe1 Qd6 20. Qh7 Ke7 21. Bh5 Kd7 22. Bxf7 Kc6 23. Rab1 Bd7 24. Qg6 Re4 25. Rxe4 dxe4 26.
Qxe4+ Qd5 27. Qe3 b6 28. Qxc3+ Qc5 29. Qf3+ Qd5 30. Qxd5+ Kxd5 31. Rd1+ Kc6 32. Bg6 Rc8 33. g4 e5 34. g5 Be6 35. Be4+ Kc7 36. g6 Rg8 37.
Rd3 b5 38. Rg3 Kb6 39. g7 a5 40. Bh7 b4 41. axb4 a4 42. Bxg8 Bxg8 43. c4 e4 44.
Ra3 Bxc4 45. Rxa4 Kb5 46. Ra8 1-0

[Event "*** SCC Grand Prix: Titled Tuesday Blitz"]
[Site "Chess.com"]
[Date "2020.09.29"]
[Round "5"]
[White "Nadeev_Sergey"]
[Black "The_Machine04"]
[Result "1-0"]
[WhiteElo "2460"]
[BlackElo "2282"]
[TimeControl "180+1"]
[EndTime "10:55:25 PDT"]
[Termination "Nadeev_Sergey won on time"]

1. e4 d6 2. d4 Nf6 3. Nc3 e5 4. Nf3 Nbd7 5. Bc4 Be7 6. O-O c6 7. a4 h6 8. Re1 Qc7 9. h3 Nf8 10. a5 g5 11. Ne2 Ng6 12. Ng3 g4 13. hxg4 Bxg4 14. Nf5 h5 15. Bg5 h4 16. Qd3 h3 17.
Nh2 Bxf5 18. exf5 Nf4 19. Bxf4 exf4 20. Re2 d5 21. Rae1 Ne4 22. f3 O-O-O 23. fxe4 dxc4 24.
Qxc4 hxg2 25. Rxg2 Qxa5 26. c3 Qc7 27. Qxf7 Rdf8 28.
Qe6+ Kb8 29. e5 f3 30. Nxf3 Bd8 31. f6 Qh7 32. Nh2 Qd3 33. Qg4 Bxf6 34. exf6 Rxf6 35. Qg3+ Qxg3 36. Rxg3 Kc7 37. Re7+ Kb6 38. Rgg7 Rb8 39. Ng4 Rf3 40. Ne5 Rh3 41. Nd7+ Kc7 42. Nc5+ 1-0

[Event "*** SCC Grand Prix: Titled Tuesday Blitz"]
[Site "Chess.com"]
[Date "2020.09.29"]
[Round "5"]
[White "TST2014"]
[Black "saraswathii"]
[Result "1-0"]
[WhiteElo "2564"]
[BlackElo "2378"]
[TimeControl "180+1"]
[EndTime "10:55:27 PDT"]
[Termination "TST2014 won on time"]

1. d4 g6 2. c4 Bg7 3. Nc3 e6 4. e4 Ne7 5. Bg5 h6 6. Be3 d5 7. f3 O-O 8. Qd2 Kh7 9. O-O-O b6 10. g4 Bb7 11. cxd5 exd5 12. e5 c5 13. f4 cxd4 14. Bxd4 Nbc6 15. Nf3 Nxd4 16. Nxd4 Rc8 17. h4 Nc6 18. h5 Nxd4 19. Qxd4 Qc7 20. Kb1 Qc5 21. g5 Qxd4 22. Rxd4 hxg5 23. hxg6+ Kg8 24. Nxd5 Bxd5 25.
Rxd5 gxf4 26. gxf7+ Rxf7 27. Bh3 Re8 28. e6 Rc7 29. Rd7 Rxd7 30. exd7 Rd8 31. Rf1 Bh6 32. Kc2 Kf7 33. Re1 Bg5 34. Kd3 Bf6 35. b4 Rh8 36.
Bf5 Rh5 37. Ke4 f3 38. Rf1 Rh4+ 39. Kxf3 Rxb4 40. Re1 Be7 41. Bg6+ Kf8 42. Re2 Rb5 43. Re4 Rg5 44. Rf4+ Kg8 45. Bf7+ Kg7 46. Be6 Bd8 47. Rf7+ Kg6 48. Rf8 1-0

[Event "*** SCC Grand Prix: Titled Tuesday Blitz"]
[Site "Chess.com"]
[Date "2020.09.29"]
[Round "5"]
[White "vugarrasulov"]
[Black "Parhamov"]
[Result "1/2-1/2"]
[WhiteElo "2800"]
[BlackElo "2962"]
[TimeControl "180+1"]
[EndTime "10:55:28 PDT"]
[Termination "Game drawn by repetition"]

1. c4 e5 2. Nc3 Bb4 3. g3 Ne7 4. Bg2 h5 5. h4 c6 6. Nf3 d6 7. O-O Nd7 8. Ne4 Nc5 9. Neg5 f6 10.
a3 Ba5 11. b4 fxg5 12. Nxg5 Ne6 13. Nxe6 Bxe6 14. bxa5 Bxc4 15. d3 Ba6 16. Bg5 Qxa5 17.
Qb3 d5 18. e4 Qb5 19. Qxb5 Bxb5 20. Bxe7 Kxe7 21. exd5 cxd5 22. Bxd5 Rad8 23. Bxb7 Rxd3 24. Rfe1 Kf6 25. a4 Bd7 26. a5 Rd8 27. a6 Bb5 28. Kg2 g6 29. Ra5 Rb3 30. Ra2 Bc4 31. Rc2 Rd4 32. Rec1 Rb4 33. Rc3 e4 34. Re1 Ke5 35. Rce3 Bd5 36. Bxd5 Rxd5 37. f3 Rd2+ 38. Kh3 Rdd4 39.
Rc3 Rdc4 40. Ra3 Ra4 41. Rb3 Rxa6 42. Rb5+ Kf6 43. fxe4 Rb6 44. Rxb6+ axb6 45. Rb1 Rc6 46. Kg2 Ke5 47. Kf3 Kd6 48. Kf4 Kc5 49. e5 Kd5 50.
Rd1+ Ke6 51. Rb1 Rc4+ 52. Kf3 Rc3+ 53. Kf4 Rc4+ 54. Kf3 Rc3+ 55. Kf4 Rc4+ 1/2-1/2

[Event "*** SCC Grand Prix: Titled Tuesday Blitz"]
[Site "Chess.com"]
[Date "2020.09.29"]
[Round "5"]
[White "angryhorse9"]
[Black "mapleaff"]
[Result "1-0"]
[WhiteElo "2547"]
[BlackElo "2374"]
[TimeControl "180+1"]
[EndTime "10:55:28 PDT"]
[Termination "angryhorse9 won by checkmate"]

1. e4 e5 2. Bc4 Nf6 3. d3 Bc5 4. Nc3 h6 5. f4 d6 6. Nf3 Nc6 7. f5 Na5 8. Qe2 Nxc4 9. dxc4 Bd7 10. Be3 Bb6 11. O-O-O Bc6 12. Bxb6 axb6 13. g4 Nd7 14. h4 Qe7 15. g5 O-O-O 16. b3 Nc5 17. b4 Na4 18. Nxa4 Bxa4 19. b5 hxg5 20. hxg5 Rxh1 21. Rxh1 d5 22. exd5 Qa3+ 23. Kb1 Qb4+ 24. Kc1 Qa3+ 25.
Kd2 Qxa2 26. Ke3 Qb2 27. Qd2 f6 28. g6 Bxc2 29. Kf2 Qb3 30. Qe3 Qb4 31. Rh7 Bxf5 32.
Rxg7 Qxc4 33. d6 Qc2+ 34. Kg3 cxd6 35. Qxb6 Be4 36. Qe3 d5 37. Re7 d4 38. Qa3 Qc4 39.
Qa8# 1-0

[Event "*** SCC Grand Prix: Titled Tuesday Blitz"]
[Site "Chess.com"]
[Date "2020.09.29"]
[Round "5"]
[White "c_r_e_e_p_e_r"]
[Black "vaishali2001"]
[Result "1-0"]
[WhiteElo "2364"]
[BlackElo "2488"]
[TimeControl "180+1"]
[EndTime "10:55:29 PDT"]
[Termination "c_r_e_e_p_e_r won on time"]

1. e4 e6 2. d4 d5 3. Nc3 Bb4 4.
e5 c5 5. a3 Bxc3+ 6. bxc3 Ne7 7. Qg4 Qc7 8. Qxg7 Rg8 9. Qxh7 cxd4 10. Ne2 Nbc6 11. f4 Bd7 12. Qd3 dxc3 13. Nxc3 a6 14. g3 Na5 15. Bg2 Rc8 16. Bd2 Nc4 17. Ne2 Nxd2 18.
Qxd2 Qxc2 19. Nd4 Qxd2+ 20. Kxd2 Rc4 21. Nb3 Ba4 22. Rab1 Rxf4 23. gxf4 Rxg2+ 24. Kc3 Nf5 25. Nd4 Ne3 26. Rxb7 Kf8 27. Rbb1 Nc4 28. Rb4 Bb5 29. Nxb5 axb5 30. Rxb5 Ra2 31. Rb3 Kg7 32. h4 Nxa3 33.
h5 Nc4 34. h6+ Kh7 35. Rb7 Ra3+ 36. Kd4 Ra4 37. Rxf7+ Kh8 38. Kc5 Ra5+ 39. Kc6 Ra6+ 40. Kd7 Ra7+ 41. Kxe6 Ra6+ 42. Ke7 1-0

[Event "*** SCC Grand Prix: Titled Tuesday Blitz"]
[Site "Chess.com"]
[Date "2020.09.29"]
[Round "5"]
[White "xberli"]
[Black "sergiochess83"]
[Result "0-1"]
[WhiteElo "2608"]
[BlackElo "2811"]
[TimeControl "180+1"]
[EndTime "10:55:30 PDT"]
[Termination "sergiochess83 won by resignation"]

1. e4 c5 2. Nf3 d6 3. d4 cxd4 4. Nxd4 Nf6 5. Nc3 a6 6. Bg5 Nbd7 7. Bc4 Qb6 8. O-O e6 9. Re1 Ne5 10. Bb3 Be7 11. a4 O-O 12. a5 Qc7 13. Qe2 Bd7 14. f4 Qc5 15. Rad1 Nc6 16. Qf2 Ng4 17. Na4 Qa7 18.
Qg3 Nxd4 19. Qxg4 Bxg5 20. fxg5 Bxa4 21. Bxa4 Nxc2+ 22. Kh1 Nxe1 23. Rxe1 Rac8 24. h4 Qf2 25. Qe2 Qxe2 26. Rxe2 Rc5 27. b4 Rc4 28. Rb2 Rxe4 29.
g3 h6 30. gxh6 gxh6 31. Kg2 d5 32. Kf3 Rc8 33. Bc2 Rc3+ 34. Kf2 Ree3 35. Bd1 Rxg3 36.
Be2 Rh3 37. b5 Rb3 38. bxa6 bxa6 39. Rc2 Rh2+ 40. Kg1 Rxe2 41. Rxe2 Ra3 42. Rg2+ Kf8 43. Rb2 Rxa5 44. Rb8+ Kg7 45. Rb6 Ra4 46. Kg2 Rxh4 47.
Rxa6 Rc4 0-1

[Event "*** SCC Grand Prix: Titled Tuesday Blitz"]
[Site "Chess.com"]
[Date "2020.09.29"]
[Round "5"]
[White "aloe_normansen"]
[Black "parintele_chess"]
[Result "1-0"]
[WhiteElo "2351"]
[BlackElo "2140"]
[TimeControl "180+1"]
[EndTime "10:55:30 PDT"]
[Termination "aloe_normansen won by resignation"]

1. e4 c5 2. Nf3 Nc6 3. d4 cxd4 4. Nxd4 e5 5. Nb5 a6 6. Nd6+ Bxd6 7. Qxd6 Qf6 8. Qd1 Qg6 9. Nc3 d5 10. Qxd5 Nge7 11. Qd1 Bg4 12. f3 Rd8 13. Bd2 Be6 14. g3 Nd4 15. Bg2 Bc4 16. b3 Bb5 17. Nxb5 axb5 18.
O-O O-O 19. c3 Ndc6 20. Qe2 b4 21. Rad1 f5 22. cxb4 Nd4 23. Qc4+ Kh8 24. Be3 Nec6 25. b5 f4 26. Bf2 fxg3 27. Bxg3 Na5 28. Qc7 b6 29. Qxe5 Rfe8 30. Rxd4 Rxe5 31. Rxd8+ Re8 32. Rfd1 h5 33. f4 Rxd8 34. Rxd8+ Kh7 35. e5 Qb1+ 36. Bf1 Qxa2 37. Bd3+ g6 38. Rd7+ Kg8 39. Bxg6 Qxb3 40. Kg2 Qc2+ 41. Bxc2 1-0

[Event "*** SCC Grand Prix: Titled Tuesday Blitz"]
[Site "Chess.com"]
[Date "2020.09.29"]
[Round "5"]
[White "Joshukid"]
[Black "Kumi29"]
[Result "0-1"]
[WhiteElo "2563"]
[BlackElo "2413"]
[TimeControl "180+1"]
[EndTime "10:55:32 PDT"]
[Termination "Kumi29 won on time"]

1. Nf3 b6 2. g3 Bb7 3. Bg2 e6 4.
O-O f5 5. c4 Nf6 6. Nc3 Be7 7.
b3 O-O 8. Bb2 h6 9. d4 d6 10. Qc2 Nbd7 11. Rad1 Ne4 12. Rfe1 Bf6 13. b4 Qe8 14. Qc1 e5 15. dxe5 Nxe5 16. Nxe5 Bxe5 17.
Nxe4 fxe4 18. Bxe5 Qxe5 19. Qe3 Rae8 20. b5 Rf6 21. Rd4 Ref8 22. Rf1 Re8 23. a4 h5 24. h4 Re7 25. Rfd1 Ref7 26. Rf1 Re7 27. Bh3 Rf8 28. Rfd1 Ref7 29. Rf1 Rf6 30. Rd2 Bc8 31. Bg2 Bb7 32. Bh3 R8f7 33. Qd4 Qe7 34. e3 Rg6 35.
Kh2 Rf3 36. a5 Rff6 37. axb6 axb6 38. Ra2 Qf7 39. Qd2 Qxc4 40. Ra7 Bc8 41. Rc1 Qf7 42. Rc2 Bxh3 43. Kxh3 Rf3 44. Kg2 Qf5 45. Rcxc7 Qg4 46. Qd5+ Kh7 0-1

[Event "*** SCC Grand Prix: Titled Tuesday Blitz"]
[Site "Chess.com"]
[Date "2020.09.29"]
[Round "5"]
[White "FMalexhdez"]
[Black "Steven_Rojas"]
[Result "0-1"]
[WhiteElo "2233"]
[BlackElo "2454"]
[TimeControl "180+1"]
[EndTime "10:55:32 PDT"]
[Termination "Steven_Rojas won on time"]

1. e4 e5 2. Nf3 Nc6 3. Bc4 Nf6 4. d3 Be7 5. Nbd2 O-O 6. c3 d5 7. exd5 Nxd5 8. O-O Nf4 9. Ne4 Bg4 10. h3 Bh5 11.
Ng3 Bg6 12. d4 Bf6 13. dxe5 Nxe5 14. Nxe5 Bxe5 15. Qf3 Qh4 16. Bxf4 Bxf4 17. Ne2 Bd6 18. Bd3 Bh5 19. g4 Bg6 20. Rad1 h5 21. Nd4 hxg4 22.
Qxg4 Qxg4+ 23. hxg4 Bxd3 24. Rxd3 g6 25. Nb5 Bf4 26. Rd7 c6 27. Nd6 Rab8 28. Nxb7 Rfe8 29. b3 Re2 30. a4 Kg7 31. Nc5 Rh8 32. Nd3 Bb8 33. Re1 Rxe1+ 34. Nxe1 Rh3 35. Nd3 Rh4 36. f3 Rh2 37. Nc5 Bg3 38. Ne6+ Kf6 39. Nd4 Rd2 40.
Kf1 Rb2 41. Rxa7 Kg5 42. Nxc6 f5 43. Rf7 Kf4 44. gxf5 gxf5 45. Nd4 Rf2+ 46. Kg1 Rb2 47.
Rxf5+ Ke3 0-1

[Event "*** SCC Grand Prix: Titled Tuesday Blitz"]
[Site "Chess.com"]
[Date "2020.09.29"]
[Round "5"]
[White "Larina_Marija"]
[Black "UmarovSabir"]
[Result "0-1"]
[WhiteElo "2190"]
[BlackElo "2366"]
[TimeControl "180+1"]
[EndTime "10:55:32 PDT"]
[Termination "UmarovSabir won by resignation"]

1. e4 g6 2. d4 Bg7 3. g3 c6 4.
a4 d5 5. e5 Bf5 6. Bg2 h5 7.
h4 Qd7 8. Ne2 Nh6 9. Na3 Na6 10. c3 f6 11. exf6 exf6 12. Nc2 O-O 13. O-O Bg4 14. Qd2 Nf7 15. Ne3 Bxe2 16. Qxe2 Rae8 17. Qd3 f5 18. Bd2 Nc7 19. Rae1 Ne6 20. f4 Nd6 21. Nd1 Ne4 22. Nf2 Rd8 23. Bc1 Rfe8 24.
Qf3 Qf7 25. Nd3 Nf8 26. Ne5 Bxe5 27. fxe5 Ne6 28. Qe3 Qg7 29. Bxe4 dxe4 30. Re2 Rd7 31. Rd1 Red8 32. Red2 Nc7 33. c4 Qf7 34. Qb3 b6 35. Kg2 b5 36. axb5 cxb5 37. Qxb5 Nxb5 0-1

[Event "*** SCC Grand Prix: Titled Tuesday Blitz"]
[Site "Chess.com"]
[Date "2020.09.29"]
[Round "5"]
[White "Mazetovic"]
[Black "gmpeter008"]
[Result "0-1"]
[WhiteElo "2538"]
[BlackElo "2391"]
[TimeControl "180+1"]
[EndTime "10:55:33 PDT"]
[Termination "gmpeter008 won on time"]

1. d4 Nf6 2. Nf3 e6 3. Bf4 c5 4. e3 Nc6 5. c3 Be7 6. Nbd2 O-O 7. Bd3 d6 8. O-O e5 9. Bg3 exd4 10. exd4 cxd4 11.
cxd4 Bg4 12. h3 Bh5 13. Qb3 Na5 14. Qa4 a6 15. Rfe1 b5 16. Qa3 Re8 17. Rac1 d5 18.
Qc3 Nc4 19. b3 Nxd2 20. Nxd2 Ba3 21. Rxe8+ Qxe8 22. Rc2 Bd1 23. Rc1 b4 24. Qc6 Bxc1 25. Qxc1 Bh5 26. Nf1 Rc8 27. Qd2 a5 28. f3 Bg6 29.
Ne3 Rc3 30. Bxg6 hxg6 31. Be5 Qe6 32. Kh2 Nd7 33. Bf4 f6 34. Nd1 Rc6 35. Nf2 Qf5 36. Nd3 g5 37. Bg3 Nf8 38. Nc5 Ne6 39. Nb7 Rc2 40. Qd1 Nf4 41. Bxf4 Qxf4+ 42. Kh1 Rc1 0-1

[Event "*** SCC Grand Prix: Titled Tuesday Blitz"]
[Site "Chess.com"]
[Date "2020.09.29"]
[Round "5"]
[White "BillieKimbah"]
[Black "XDPS"]
[Result "1-0"]
[WhiteElo "2922"]
[BlackElo "2757"]
[TimeControl "180+1"]
[EndTime "10:55:34 PDT"]
[Termination "BillieKimbah won by checkmate"]

1. Nf3 d5 2. e3 Nf6 3. c4 c6 4. Nc3 e6 5. b3 Bd6 6. Bb2 O-O 7.
Be2 Nbd7 8. Qc2 Qe7 9. d4 b6 10. O-O Bb7 11. Rad1 Rad8 12. Rfe1 Rfe8 13. Bd3 h6 14. e4 dxe4 15. Nxe4 Bb4 16. Nxf6+ Nxf6 17. Re2 Qc7 18. c5 bxc5 19. a3 Ba5 20. dxc5 Qe7 21.
Ne5 Bc7 22. b4 Rd5 23. Bc4 Rxd1+ 24. Qxd1 Rd8 25. Qc2 Nd5 26. g3 a5 27. Qb3 axb4 28.
axb4 Ra8 29. Re1 Qg5 30. Nf3 Qg4 31. Be5 Bxe5 32. Nxe5 Qd4 33. Nf3 Qf6 34. Bxd5 exd5 35. Qe3 Ba6 36. Nd4 Bc4 37. Qf4 Qg6 38. Qd6 Qd3 39.
Nxc6 Ra2 40. Ne7+ Kh7 41. Qb8 h5 42. Qg8+ Kh6 43. Qxf7 d4 44. Nf5+ Kg5 45. Qxg7+ Kxf5 46. Re5# 1-0

[Event "*** SCC Grand Prix: Titled Tuesday Blitz"]
[Site "Chess.com"]
[Date "2020.09.29"]
[Round "5"]
[White "Aborigen_came"]
[Black "exoticprincess"]
[Result "1/2-1/2"]
[WhiteElo "2743"]
[BlackElo "2895"]
[TimeControl "180+1"]
[EndTime "10:55:34 PDT"]
[Termination "Game drawn by repetition"]

1. Nc3 d5 2. e4 c6 3. g3 e5 4. d4 dxe4 5. Nxe4 Qxd4 6. Qxd4 exd4 7. Nf3 c5 8. Bc4 Nc6 9. O-O Be7 10. Re1 Kf8 11.
Bf4 Nh6 12. Nd6 f6 13. Nxc8 Rxc8 14. Bxh6 gxh6 15. Re6 Nd8 16. Re4 Nf7 17. Rae1 Rc7 18. Bxf7 Kxf7 19. Nh4 Rd8 20. Nf5 Bf8 21. b3 Rd5 22. g4 h5 23. h3 hxg4 24. hxg4 h5 25. f3 hxg4 26. fxg4 b5 27. Kg2 d3 28. cxd3 Rxd3 29.
Rh1 Rd2+ 30. Kf3 Rcd7 31. Rh7+ Kg6 32. Rxd7 Rxd7 33. Re8 Kf7 34. Rb8 b4 35. Rc8 Be7 36. Ke4 Bf8 37. Rc6 Kg6 38. Rc8 Rf7 39. Kf4 a5 40. Kf3 Kg5 41. Ng3 Kg6 42. Nf5 Kg5 43. Kg3 Rd7 44. Kf3 Rf7 1/2-1/2

[Event "*** SCC Grand Prix: Titled Tuesday Blitz"]
[Site "Chess.com"]
[Date "2020.09.29"]
[Round "5"]
[White "BanjoKazooieN64"]
[Black "KingHarii"]
[Result "0-1"]
[WhiteElo "2490"]
[BlackElo "2703"]
[TimeControl "180+1"]
[EndTime "10:55:34 PDT"]
[Termination "KingHarii won by resignation"]

1. e4 d5 2. exd5 Qxd5 3. Nc3 Qd8 4. d4 Nf6 5. Nf3 g6 6. Bc4 Bg7 7. Ne5 O-O 8. O-O c6 9. Bg5 Nd5 10. Bh4 Be6 11. Bb3 Nxc3 12. bxc3 Bxb3 13. axb3 Nd7 14.
Nxd7 Qxd7 15. Re1 e6 16. b4 a6 17. Qf3 Rae8 18. Bf6 Qd5 19. Qxd5 cxd5 20. Bxg7 Kxg7 21.
Ra5 Rc8 22. Rc5 b6 23. Rxc8 Rxc8 24. Re3 a5 25. bxa5 bxa5 26. Kf1 a4 27. Ke2 Rb8 28.
Kd2 Rb1 29. c4 dxc4 30. Ra3 Rg1 31. g3 c3+ 32. Kxc3 Rg2 33. f4 Rxh2 34. Rxa4 Rh3 35. Kb4 Rxg3 36. c4 Rf3 37. c5 Rxf4 38. Kb5 Rf1 39. c6 Rc1 40. Rc4 Rb1+ 41. Kc5 Rb8 42. c7 Rc8 43. Kd6 g5 44. Kd7 Ra8 45.
Rb4 h5 46. c8=Q Rxc8 47. Kxc8 g4 48. Kd7 Kf6 49. Kd6 g3 50. d5 g2 51. Rb1 h4 52. Kc5 exd5 53. Kd4 h3 54. Ke3 h2 55. Kf2 0-1